Map: [G8] Royal Blood

Players

Reynor

  • Race: Zerg Zerg
  • Spawn Location: 1:00

Solar - Winner!

  • Race: Zerg Zerg
  • Spawn Location: 7:00

Event: Gamers8 2023

VOD

Have the link to the VOD?

Description

Time

  • Played on: Aug. 4, 2023, 12:58 p.m.
  • Length: 8:35

All games in this series

Show
View Real Time Build Order
Export as new Build Order

Reynor Zerg 

Build Orders: Hatch First 

Get SALT Encoding   

  12  0:00  Drone  
  13  0:12  Overlord  
  13  0:17  Drone  
  14  0:30  Drone x2  
  16  0:48  Hatchery  
  15  0:51  Drone  
  15  0:54  Drone  
  17  0:57  Drone  
  18  1:08  Extractor  
  17  1:13  Spawning Pool  
  17  1:15  Drone  
  17  1:19  Drone  
  18  1:27  Drone  
  19  1:38  Drone  
  20  1:49  Drone  
  21  1:59  Queen x2  
  21  2:00  Drone  
  21  2:01  Overlord  
  26  2:10  Zergling x2  
  26  2:11  Drone  
  26  2:15  Metabolic Boost  
  28  2:21  Drone x2  
  30  2:32  Zergling x2  
  30  2:33  Hatchery  
  30  2:36  Drone  
  31  2:42  Baneling Nest  
  31  2:43  Drone  
  31  2:47  Drone  
  32  2:53  Overlord  
  32  2:54  Drone  
  33  3:04  Drone x2  
  35  3:07  Drone  
  36  3:13  Zergling x10  
  36  3:16  Overlord  
  41  3:21  Drone  
  41  3:23  Queen  
  44  3:28  Baneling x2  
  44  3:31  Overlord  
  44  3:34  Drone  
  44  3:40  Drone x3  
  44  3:41  Drone x2  
  50  3:47  Roach Warren  
  49  3:50  Drone x2  
  49  3:54  Overlord  
  50  3:58  Drone x2  
  50  4:03  Zergling x4  
  50  4:05  Baneling  
  50  4:13  Zergling x4  
  50  4:15  Extractor  
  51  4:23  Zergling x4  
  52  4:29  Roach x6  
  62  4:34  Queen  
  62  4:36  Roach  
  61  4:41  Roach x2, Zergling x2  
  61  4:42  Zergling x4  
  61  4:44  Drone x2  
  61  4:45  Drone  
  70  4:47  Overlord  
  70  4:49  Drone  
  70  4:51  Drone  
  70  4:52  Baneling  
  72  4:53  Drone  
  72  4:54  Drone  
  72  4:57  Overlord  
  74  5:04  Baneling  
  74  5:06  Drone x3  
  77  5:10  Lair  
  77  5:11  Drone x2  
  77  5:14  Drone  
  80  5:16  Drone  
  80  5:19  Drone  
  82  5:24  Drone x3  
  82  5:26  Overlord  
  82  5:27  Drone  
  86  5:32  Evolution Chamber  
  86  5:34  Extractor  
  86  5:35  Extractor, Drone x2  
  84  5:37  Drone  
  84  5:41  Overlord, Drone x2  
  87  5:45  Roach x3  
  92  5:50  Spine Crawler x2, Roach x2  
  92  5:54  Roach, Spine Crawler  
  92  5:55  Baneling x3  
  96  5:57  Overlord  
  96  6:00  Roach  
  96  6:01  Zergling x2  
  96  6:04  Roach, Zergling x4  
  103  6:09  Drone x2  
  107  6:13  Overlord  
  107  6:15  Drone  
  107  6:16  Drone x2  
  110  6:19  Drone  
  110  6:20  Extractor  
  110  6:21  Extractor, Drone  
  110  6:22  Spire, Drone  
  110  6:30  Evolution Chamber, Drone  
  110  6:32  Overlord  
  111  6:35  Drone  
  111  6:40  Drone  
  111  6:44  Roach x2  
  111  6:45  Glial Reconstitution  
  116  6:47  Overlord  
  116  6:48  Drone  
  116  6:50  Roach x4  
  124  6:57  Roach x2  
  124  6:58  Overlord  
  124  7:00  Overseer  
  128  7:01  Overlord  
  128  7:02  Hatchery  
  127  7:08  Overlord  
  127  7:11  Roach x4  
  135  7:16  Overlord  
  135  7:21  Roach x4  
  135  7:22  Roach x2  
  147  7:26  Overlord  
  147  7:28  Roach  
  149  7:30  Roach  
  149  7:33  Overlord  
  151  7:37  Roach x4  
  159  7:44  Roach x2  
  159  7:45  Roach x3  
  159  7:48  Roach x3  
  171  7:54  Roach  
  171  7:56  Overlord  
  173  7:58  Roach  
  173  8:04  Roach  
  173  8:05  Roach x2  
  162  8:07  Roach x3  
  146  8:13  Roach x3  
  146  8:15  Roach  
Show
View Real Time Build Order
Export as new Build Order

Solar Zerg - Winner!

Build Orders: Hatch First 

Get SALT Encoding   

  12  0:00  Drone  
  13  0:12  Overlord  
  13  0:17  Drone  
  14  0:31  Drone x2  
  16  0:47  Hatchery  
  15  0:51  Drone  
  15  0:54  Drone  
  17  0:57  Drone  
  18  1:07  Extractor  
  17  1:12  Spawning Pool  
  17  1:15  Drone  
  17  1:18  Drone  
  18  1:28  Drone  
  19  1:38  Drone  
  20  1:50  Drone  
  21  1:59  Queen x2  
  21  2:00  Zergling x2  
  26  2:01  Overlord  
  26  2:10  Metabolic Boost, Drone  
  26  2:11  Drone  
  28  2:22  Drone x2  
  30  2:33  Hatchery  
  30  2:35  Drone  
  30  2:38  Zergling x2  
  30  2:41  Drone  
  32  2:47  Baneling Nest  
  32  2:49  Overlord  
  31  2:53  Drone x2  
  33  3:05  Zergling x4  
  35  3:08  Drone x3  
  38  3:13  Drone  
  38  3:14  Drone x2  
  38  3:18  Queen  
  43  3:22  Overlord  
  43  3:25  Drone  
  44  3:31  Baneling  
  43  3:42  Zergling x16  
  51  3:48  Baneling x2  
  51  3:49  Drone  
  51  3:52  Overlord  
  51  3:54  Zergling x2  
  51  3:57  Drone  
  51  3:59  Drone  
  53  4:03  Queen  
  53  4:04  Drone  
  53  4:06  Drone  
  53  4:09  Roach Warren  
  54  4:11  Drone  
  55  4:19  Drone x5  
  55  4:23  Overlord  
  56  4:31  Drone  
  56  4:32  Extractor  
  56  4:33  Zergling x4  
  56  4:38  Drone x2  
  59  4:39  Overlord  
  59  4:41  Drone  
  59  4:44  Extractor  
  59  4:46  Drone x2  
  59  4:47  Evolution Chamber  
  59  4:50  Roach x2  
  64  4:53  Baneling  
  64  4:54  Overlord  
  64  4:55  Baneling  
  65  5:00  Roach  
  65  5:01  Roach  
  65  5:02  Roach  
  65  5:07  Roach x3  
  75  5:08  Baneling  
  75  5:09  Overlord  
  75  5:15  Overlord  
  75  5:17  Roach x3  
  80  5:21  Overlord  
  80  5:25  Roach x2  
  80  5:26  Roach  
  86  5:30  Roach  
  86  5:34  Drone x6  
  94  5:39  Drone  
  94  5:42  Lair  
  95  5:44  Drone  
  95  5:45  Drone  
  97  5:50  Overlord  
  97  5:53  Zerg Missile Weapons Level 1  
  97  5:55  Extractor, Drone  
  97  5:56  Extractor, Drone  
  97  6:09  Drone x2  
  97  6:10  Drone x2  
  101  6:11  Overlord  
  101  6:16  Roach x2  
  101  6:17  Drone x2  
  107  6:19  Hatchery  
  107  6:21  Overlord  
  107  6:23  Drone  
  107  6:26  Overlord  
  107  6:27  Drone x2  
  109  6:36  Roach x2  
  109  6:37  Roach x2  
  109  6:39  Overlord  
  116  6:41  Glial Reconstitution  
  116  6:44  Roach x6  
  116  6:45  Overseer  
  128  6:47  Overlord  
  128  6:50  Roach x2  
  128  6:52  Roach  
  128  6:53  Roach  
  136  6:59  Roach x2  
  140  7:03  Roach  
  140  7:06  Overlord  
  140  7:07  Roach x4  
  150  7:11  Roach  
  150  7:12  Roach x2  
  156  7:16  Roach x2  
  156  7:17  Roach  
  156  7:19  Overlord  
  156  7:21  Overlord  
  159  7:23  Roach  
  161  7:30  Roach x2  
  161  7:33  Roach x3  
  169  7:39  Roach x6  
  169  7:43  Roach x2  
  185  7:45  Roach  
  185  7:49  Roach x2  
  185  7:50  Ravager  
  192  7:53  Overlord  
  191  8:00  Roach x2  
  191  8:01  Roach  
  191  8:04  Roach x3  
  186  8:06  Roach x3  
  186  8:07  Roach  
  186  8:08  Roach  
  186  8:09  Roach  
  186  8:10  Roach  
  186  8:12  Roach  
  180  8:15  Roach x2  
  156  8:32  Extractor  
Tags
 
Add a new tag
Caveats
  • Supply blocks, unpowered buildings, or Contaminate may cause inaccurate times.
  • Supply counts are checked every 10 seconds.